 Dungeon Crawl Stone Soup version 0.28-b1-38-gff268fdeb9 (webtiles) character file.

Game seed: 994299513248415406

322 RUZZLEFAZAZZLE the Ruffian (level 6, 0/63 HPs)
             Began as a Troll Monk on Feb 3, 2022.
             Slain by a scorpion (2 damage)
             ... on level 5 of the Dungeon.
             The game lasted 00:07:33 (1866 turns).

RUZZLEFAZAZZLE the Ruffian (Troll Monk)             Turns: 1866, Time: 00:07:33

Health: 0/63       AC:  6    Str: 22    XL:     6   Next: 22%
Magic:  5/5        EV: 10    Int: 12    God:
Gold:   165        SH:  0    Dex: 12    Spells: 5/5 levels left

rFire   . . .      SeeInvis .     - Unarmed
rCold   . . .      Faith    .   (no shield)
rNeg    + . .      Spirit   .   f - +2 robe {Will+}
rPois   .          Reflect  .   (helmet restricted)
rElec   .          Harm     .   (no cloak)
rCorr   .          Rampage  .   (gloves unavailable)
Will    +....                   (boots unavailable)
Stlth   ++........              (no amulet)
HPRegen 1.00/turn               c - +6 ring of intelligence
MPRegen 0.09/turn               k - ring of positive energy

@: mighty, lethally poisoned (0 -> 0)
A: large, unfitting armour, claws 3, regeneration 1, shaggy fur 1, tough skin 1,
subdued magic 1, MP-powered wands
a: no special abilities


You were on level 5 of the Dungeon.
You visited 1 branch of the dungeon, and saw 4 of its levels.

You collected 165 gold pieces.

Inventory:

Armour
 f - a +2 robe of willpower (worn)
Jewellery
 c - a +6 ring of intelligence (left claw)
 i - a +6 ring of intelligence
 k - a ring of positive energy (right claw)
Wands
 j - a wand of charming (7)
Scrolls
 a - a scroll of identify
 l - a scroll of fear
Potions
 b - a potion of brilliance


   Skills:
 + Level 4.4 Fighting
 - Level 2.4 Dodging
 - Level 1.0 Stealth
 + Level 5.4 Unarmed Combat


You had 5 spell levels left.
You didn't know any spells.
Your spell library contained the following spells:

 Spells                   Type           Power      Damage    Failure   Level
 Blink                    Tloc           0%         N/A       41%         2
 Lesser Beckoning         Tloc           0%         N/A       65%         3
 Manifold Assault         Tloc           0%         N/A       100%        5


Dungeon Overview and Level Annotations

Branches:
Dungeon (5/15)
 Temple: D:4-7

Altars:

Shops:
D:3 (

Annotations:
D:3 2 transporters
D:5 Dowan, Duvessa


Innate Abilities, Weirdness & Mutations

You are too large for most types of armour.
You have claws for hands.
Your natural rate of healing is unusually fast.
You are covered in fur. (AC +1)
You have tough skin. (AC +1)
Your spells are a little easier to cast, but a little less powerful.
You expend magic power (3 MP) to strengthen your wands.


Message History

The centaur hits you.
The centaur kicks you but does no damage.
The centaur hits you. The centaur barely misses you.
You scratch the centaur but do no damage.
The centaur is severely wounded.
The centaur barely misses you.
The centaur kicks you but does no damage.
You barely miss the centaur.
The centaur is severely wounded.
The centaur hits you.
The centaur kicks you but does no damage.
You claw the centaur!
You kill the centaur!
You have reached level 6!
You feel stronger.
Save game and exit?
Okay, then.
You barely miss the scorpion. The scorpion barely misses you.
The iguana bites you.
You scratch the scorpion but do no damage.
The scorpion stings you!
You are poisoned.
The scorpion poisons you! The scorpion stings you.
* * * LOW HITPOINT WARNING * * *
The iguana bites you!
* * * LOW HITPOINT WARNING * * *
Okay, then.
You feel very mighty all of a sudden.
You feel sick. The scorpion barely misses you. The iguana bites you.
* * * LOW HITPOINT WARNING * * *
You claw the iguana!
The iguana is severely wounded.
You feel sick. The scorpion barely misses you.
You claw the iguana!
You kill the iguana!
You feel sick.
The scorpion stings you but does no damage.
You feel sick.
Found a glowing short sword.
You feel sick. The scorpion stings you.
You die...

#########
#..)....#
#s####''####
#@#......s.#
#.#.##..##.# ..#
#..##.#
...+...!....'..8#
#...+........'..##
#...#.##..##.#...+
#...#. #..##.#..##
#)..# .......#..8
### ### .##


You could see a scorpion.

Vanquished Creatures
  A centaur (D:5)
  A hound (D:5)
  A bullfrog zombie (D:5)
  Jessica (D:2)
  An iguana (D:5)
  Terence (D:2)
  4 adders
  An ufetubus (D:2)
  A dart slug (D:2)
  3 orcs (D:3)
  10 endoplasms
  A giant cockroach (D:1)
  6 goblins
  6 hobgoblins
  2 kobolds
  2 quokkas (D:1)
  2 ball pythons
  5 bats
  6 frilled lizards
  9 rats
64 creatures vanquished.

Notes
Turn   | Place    | Note
-------+----------+-------------------------------------------
     0 | D:1      | RUZZLEFAZAZZLE the Troll Monk began the quest for the Orb.
     0 | D:1      | Reached XP level 1. HP: 22/22 MP: 0/0
    42 | D:1      | Noticed a golden eye
    46 | D:1      | Noticed a shining eye
    48 | D:1      | Found a faded altar of an unknown god.
    51 | D:1      | Noticed a floating eye
   107 | D:1      | Reached XP level 2. HP: 29/29 MP: 1/1
   365 | D:1      | Noticed a floating eye
   813 | D:2      | Reached XP level 3. HP: 37/37 MP: 2/2
  1029 | D:2      | Reached skill level 4 in Unarmed Combat
  1247 | D:2      | Noticed Terence
  1258 | D:2      | Killed Terence
  1259 | D:2      | Reached XP level 4. HP: 36/45 MP: 3/3
  1398 | D:2      | Noticed Jessica
  1403 | D:2      | Killed Jessica
  1570 | D:3      | Found Teen's Weapon Shop.
  1595 | D:3      | Gained mutation: Your spells are a little easier to cast,
                  | but a little less powerful. [potion of mutation]
  1595 | D:3      | Gained mutation: You expend magic power (3 MP) to
                  | strengthen your wands. [potion of mutation]
  1647 | D:3      | Found a transporter.
  1658 | D:3      | Found a transporter.
  1670 | D:3      | Reached XP level 5. HP: 54/54 MP: 4/4
  1726 | D:3      | You fall into a shaft and drop 2 floors!
  1726 | D:5      | Entered Level 5 of the Dungeon
  1726 | D:5      | Noticed Duvessa
  1726 | D:5      | Noticed Dowan
  1738 | D:5      | HP: 1/54 [Duvessa (4)]
  1818 | D:5      | Noticed a black bear
  1842 | D:5      | Noticed a centaur
  1852 | D:5      | Reached skill level 5 in Unarmed Combat
  1859 | D:5      | Killed a centaur
  1860 | D:5      | Reached XP level 6. HP: 32/63 MP: 5/5
  1862 | D:5      | HP: 3/63 [iguana (1)]
  1866 | D:5      | Slain by a scorpion

Illustrated notes

Levels and vault maps discovered:
D:1:      dpeg_arrival_pits, layout_basic,
          hellmonk_ecumenical_altar_watching_god, minmay_pentomino_w2
D:2:      layout_basic, minmay_vboxes, uniq_jessica, uniq_terence
D:3:      gammafunk_wand_slinger, layout_basic, serial_shops,
          nicolae_shop_hallway_plus
D:5:      layout_gridville, lemuel_mausoleum_altar_yredelemnul,
          gammafunk_ghost_nasty_kobolds, serial_shops, shop,
          kennysheep_generic_room_5, uniq_duvessa, uniq_crazy_yiuf_cottage,
          uniq_grinder

Skill      XL: |  1  2  3  4  5 |
---------------+----------------+-----
Fighting       | 3 4 |  4.4
Unarmed Combat | 4 5 |  5.4
Dodging        | |  2.4
Stealth        | |  1.0

Action                   |  1- 3 |  4- 6 || total
-------------------------+-------+-------++-------
Melee: Unarmed           |    98 |    77 ||   175
       Punch             |       |     3 ||     3
  Use: Potion            |     5 |     3 ||     8
       Scroll            |       |     8 ||     8
 Stab: Sleeping          |     2 |       ||     2
Armor: Robe              |    28 |    29 ||    57
Dodge: Dodged            |    45 |    37 ||    82
